 Dungeon Sprint DCSS version 0.26.1-11-gd32895ea62 (webtiles) character file.

Game seed: 7570392361922737532

3331 Zeld the Cleaver (level 9, -30/139 HPs)
             Began as a Minotaur Berserker on June 13, 2021.
             Was a High Priest of Trog.
             Annihilated by Agnes
             ... wielding a +0 lajatang
              (39 damage)
             ... in the Dungeon (Sprint IV: "Fedhas' Mad Dash").
             The game lasted 00:03:28 (5671 turns).

Zeld the Cleaver (Minotaur Berserker)               Turns: 5671, Time: 00:03:28

Health: -30/139    AC: 20    Str: 25    XL:     9   Next: 71%
Magic:  8/8        EV:  8    Int:  8    God:    Trog [*****.]
Gold:   66         SH: 13    Dex: 10    Spells: 8/8 levels left

rFire    . . .     SeeInvis .   a - +0 hand axe
rCold    . . .     Faith    .   b - +0 tower shield
rNeg     . . .     Spirit   .   m - +1 plate armour of Fortification {*Slow rPois Int+4}
rPois    +         Reflect  .   (helmet restricted)
rElec    .         Harm     .   (no cloak)
rCorr    .         Rampage  .   n - +0 pair of gloves
Will     .....     NoTele   +   j - +0 pair of boots
Stlth    ..........             i - amulet of invisibility {+Inv}
HPRegen  0.33/turn              (no ring)
MPRegen  0.11/turn              (no ring)

@: berserking, very quick
A: retaliatory headbutt, horns 2
a: Renounce Religion, Evoke Invisibility, Berserk, Trog's Hand, Brothers in Arms


You were in the Dungeon.
You worshipped Trog.
Trog was extremely pleased with you.
You visited 1 branch You collected 223 gold pieces.
You spent 157 gold pieces at shops.

Inventory:

Hand Weapons
 a - a +0 hand axe (weapon)
Armour
 b - a +0 tower shield (worn)
 j - a +0 pair of boots (worn)
 m - the +1 plate armour of Fortification (worn) {*Slow rPois Int+4}
   (You found it in the Dungeon)

   It affects your intelligence (+4).
   It protects you from poison.
   It may slow you when you take damage.
 n - a +0 pair of gloves (worn)
Jewellery
 i - the amulet of invisibility (around neck) {+Inv}
   (You found it in the Dungeon)

   [amulet of nothing]

   It lets you turn invisible.
Scrolls
 h - a scroll of blinking
 l - a scroll of identify {unknown}
Potions
 c - a potion of curing
 d - a potion of heal wounds
 e - 2 potions of haste
 f - 2 potions of magic
 g - a potion of berserk rage
 k - a potion of resistance {unknown}


   Skills:
 + Level 13.4 Fighting
 - Level 14.0 Axes
 + Level 13.1 Armour
 + Level 12.2 Dodging
 + Level 2.0 Shields


You had 8 spell levels left.
You didn't know any spells.
Your spell library was empty.

Dungeon Overview and Level Annotations

Branches:
Dungeon (1/1)

Altars:
Cheibriados
Dithmenos
Elyvilon
Gozag
Hepliaklqana
Kikubaaqudgha
Makhleb
Nemelex Xobeh
Okawaru
Qazlal
Ru
Sif Muna
Trog
Uskayaw
Vehumet
Wu Jian
Xom
Yredelemnul
Zin
The Shining One
Beogh
Jiyva
Lugonu

Shops:
D (*[[

Annotations:
D Agnes


Innate Abilities, Weirdness & Mutations

You reflexively headbutt those who attack you in melee.
You have a pair of horns on your head.


Message History

You hit the spriggan berserker.
The spriggan berserker is heavily wounded.
You slash Agnes! You hit the elephant. Agnes hits you with a +0 lajatang!
* * * LOW HITPOINT WARNING * * *
The spriggan berserker prays to Trog.
The spriggan berserker goes berserk!
Unknown command.
You miss Agnes.
Agnes is almost dead.
You slash the spriggan berserker! You hit the elephant.
Agnes hits you with a +0 lajatang!!
* * * LOW HITPOINT WARNING * * *
You block the elephant's attack. The elephant barely misses you.
Unknown command.
You miss Agnes. Your headbutt misses Agnes.
Agnes is almost dead.
You hit the spriggan berserker.
Your shield and plate armour of Fortification prevent you from hitting the elephant.
Agnes hits you with a +0 lajatang!!!
You die...

###############################
.#.⌠._._._._.⌠.#.)')..#....##∩#
.'.._._._._._..'..#)..#....'.:#
.#..._._._._...#..###'##.(.##∩#
##.._._._._._..#..##∩∩.'...####
.#._._._._._.⌠.#############
.##################
##♣♣♣♣♣.)♣.###.Y..+
'......♣..♣##:.#@i#
#♣..♣♣♣.♣..###.##i#
#.♣♣..♣...♣'...#♣.♣
################... ♣..♣ ....
♣.... #####


You could see Agnes (berserk), an elephant (summoned, berserk) and a spriggan
berserker (berserk, regenerating, strong-willed).

Vanquished Creatures
  A spriggan druid (D)
  3 oklob plants (D)
  3 burning bushes (D)
  3 wandering mushrooms (D)
  A queen bee (D)
  2 scorpions (D)
  4 killer bees (D)
  5 oklob saplings (D)
  A worker ant (D)
  2 spriggans (D)
  A river rat (D)
  A rat (D)
  A ballistomycete spore (D)
28 creatures vanquished.

Vanquished Creatures (others)
  2 fungi (D)
2 creatures vanquished.

Grand Total: 30 creatures vanquished

Notes
Turn   | Place    | Note
-------+----------+-------------------------------------------
     0 | D        | Zeld the Minotaur Berserker began the quest for the Orb.
     0 | D        | Reached XP level 1. HP: 19/19 MP: 0/0
    13 | D        | Reached skill level 4 in Axes
    13 | D        | Reached XP level 2. HP: 27/27 MP: 1/1
   183 | D        | Noticed an oklob sapling
   186 | D        | Killed an oklob sapling
   186 | D        | Reached ** piety under Trog
   187 | D        | Reached skill level 6 in Axes
   187 | D        | Reached XP level 3. HP: 24/35 MP: 2/2
   447 | D        | Found the amulet of invisibility {+Inv}
   454 | D        | Reached skill level 5 in Fighting
   468 | D        | Noticed an oklob sapling
   676 | D        | Killed an oklob sapling
   677 | D        | Reached skill level 7 in Axes
   677 | D        | Reached skill level 5 in Armour
   677 | D        | Reached XP level 4. HP: 44/44 MP: 0/3
   891 | D        | Found an opulent altar of Gozag.
   891 | D        | Found a hazy altar of Hepliaklqana.
   891 | D        | Found a burning altar of Makhleb.
   891 | D        | Found a roughly hewn altar of Beogh.
   891 | D        | Found a sparkling altar of Nemelex Xobeh.
   891 | D        | Found a snail-covered altar of Cheibriados.
   891 | D        | Found a sacrificial altar of Ru.
   891 | D        | Found a shimmering blue altar of Sif Muna.
   891 | D        | Found a shimmering altar of Xom.
   891 | D        | Found a basalt altar of Yredelemnul.
   892 | D        | Found a viscous altar of Jiyva.
   892 | D        | Found a bloodstained altar of Trog.
   892 | D        | Found an ornate altar of the Wu Jian Council.
   893 | D        | Found an iron altar of Okawaru.
   893 | D        | Found a shadowy altar of Dithmenos.
   893 | D        | Found a glowing silver altar of Zin.
   894 | D        | Found an ancient bone altar of Kikubaaqudgha.
   894 | D        | Found a hide-covered altar of Uskayaw.
   895 | D        | Found a stormy altar of Qazlal.
   895 | D        | Found a white marble altar of Elyvilon.
   895 | D        | Found a glowing golden altar of the Shining One.
   896 | D        | Found a corrupted altar of Lugonu.
   896 | D        | Found a radiant altar of Vehumet.
   907 | D        | Reached skill level 8 in Axes
   907 | D        | Reached skill level 5 in Dodging
  1137 | D        | Reached *** piety under Trog
  1138 | D        | Reached XP level 5. HP: 18/51 MP: 4/4
  1560 | D        | Reached skill level 9 in Axes
  1566 | D        | Reached skill level 10 in Axes
  1972 | D        | Found Inella's General Store.
  1972 | D        | Found Koytirr's Weapon Emporium.
  1975 | D        | Bought a scroll of remove curse for 36 gold pieces
  1979 | D        | Noticed a burning bush
  1979 | D        | Noticed a wandering mushroom
  2146 | D        | Noticed a wandering mushroom
  2155 | D        | Reached **** piety under Trog
  2156 | D        | Reached XP level 6. HP: 39/61 MP: 2/5
  2156 | D        | Killed a wandering mushroom
  2157 | D        | Reached skill level 11 in Axes
  2157 | D        | Reached XP level 7. HP: 33/69 MP: 2/6
  2157 | D        | Killed a burning bush
  2158 | D        | Reached skill level 12 in Axes
  2351 | D        | Killed a wandering mushroom
  2352 | D        | Reached skill level 13 in Axes
  2819 | D        | Found Aneroergh's Antique Armour Emporium.
  2819 | D        | Found Vakanaot's Antique Armour Shoppe.
  2886 | D        | Noticed a queen bee
  2890 | D        | Reached skill level 10 in Fighting
  2894 | D        | Reached ***** piety under Trog
  2895 | D        | Reached XP level 8. HP: 79/79 MP: 7/7
  2896 | D        | Killed a queen bee
  2897 | D        | Reached skill level 10 in Armour
  2929 | D        | Noticed an oklob plant
  3434 | D        | Killed an oklob plant
  3435 | D        | Reached skill level 14 in Axes
  3435 | D        | Reached skill level 10 in Dodging
  3559 | D        | Noticed a burning bush
  3564 | D        | Killed a burning bush
  3566 | D        | Got an ichor-stained plate armour
  3604 | D        | Identified the cursed +1 plate armour of Fortification
                  | {*Slow rPois Int+4} (You found it in the Dungeon)
  3870 | D        | Noticed a burning bush
  3870 | D        | Noticed an oklob plant
  4030 | D        | Noticed a wandering mushroom
  4053 | D        | Received a gift from Trog
  4055 | D        | Killed a burning bush
  4056 | D        | Reached XP level 9. HP: 55/90 MP: 8/8
  4481 | D        | Killed an oklob plant
  4661 | D        | Noticed a spriggan druid
  4676 | D        | Killed a spriggan druid
  5038 | D        | Noticed an oklob plant conjurer
  5043 | D        | Killed an oklob plant conjurer
  5573 | D        | Bought a pair of gloves for 121 gold pieces
  5649 | D        | Noticed Agnes
  5654 | D        | Noticed a spriggan berserker
  5666 | D        | Noticed an elephant
  5671 | D        | Annihilated by Agnes

Illustrated notes

Levels and vault maps discovered:
D:        dungeon_sprint_fedhas [sprint_temple]

Skill      XL: |  1  2  3  4  5  6  7  8  9 |
---------------+----------------------------+-----
Fighting       | 4 5 6 7 8 10 12 13 | 13.4
Axes           | 4 6 7 8 10 11 13 14 | 14.0
Armour         | 3 4 5 6 7 8 9 11 13 | 13.1
Dodging        | 3 4 5 6 7 9 10 12 | 12.2
Shields        | 2 |  2.0

Action                   |  1- 3 |  4- 6 |  7- 9 || total
-------------------------+-------+-------+-------++-------
Melee: Hand axe          |    13 |    22 |    83 ||   118
       Headbutt          |     3 |     6 |    21 ||    30
Invok: Berserk           |     1 |     3 |     8 ||    12
       Trog's Hand       |       |       |     1 ||     1
       Brothers in Arms  |       |       |     1 ||     1
 Abil: Evoke Invisibilit |     1 |     2 |     2 ||     5
  Use: Scroll            |       |       |     1 ||     1
 Stab: Invisible         |       |     2 |     1 ||     3
       Sleeping          |       |     2 |       ||     2
Armor: Animal skin       |     1 |       |       ||     1
       Plate armour      |       |       |     8 ||     8
Dodge: Dodged            |     7 |    15 |    27 ||    49
Block: Tower shield      |       |       |     9 ||     9
